%YAML 1.1
%TAG !u! tag:unity3d.com,2011:
--- !u!1 &6898085835569513131
GameObject:
  m_ObjectHideFlags: 0
  m_CorrespondingSourceObject: {fileID: 0}
  m_PrefabInstance: {fileID: 0}
  m_PrefabAsset: {fileID: 0}
  serializedVersion: 6
  m_Component:
  - component: {fileID: 6898085835569513130}
  m_Layer: 0
  m_Name: HpRootUI
  m_TagString: Untagged
  m_Icon: {fileID: 0}
  m_NavMeshLayer: 0
  m_StaticEditorFlags: 0
  m_IsActive: 1
--- !u!4 &6898085835569513130
Transform:
  m_ObjectHideFlags: 0
  m_CorrespondingSourceObject: {fileID: 0}
  m_PrefabInstance: {fileID: 0}
  m_PrefabAsset: {fileID: 0}
  m_GameObject: {fileID: 6898085835569513131}
  m_LocalRotation: {x: 0, y: 0, z: 0, w: 1}
  m_LocalPosition: {x: 0, y: 0, z: 0}
  m_LocalScale: {x: 1, y: 1, z: 1}
  m_ConstrainProportionsScale: 0
  m_Children:
  - {fileID: 6898085836861165466}
  - {fileID: 2748093735250983112}
  - {fileID: 6898085836945468198}
  m_Father: {fileID: 0}
  m_RootOrder: 0
  m_LocalEulerAnglesHint: {x: 0, y: 0, z: 0}
--- !u!1 &6898085836861165467
GameObject:
  m_ObjectHideFlags: 0
  m_CorrespondingSourceObject: {fileID: 0}
  m_PrefabInstance: {fileID: 0}
  m_PrefabAsset: {fileID: 0}
  serializedVersion: 6
  m_Component:
  - component: {fileID: 6898085836861165466}
  - component: {fileID: 6898085836861165479}
  - component: {fileID: 6898085836861165476}
  - component: {fileID: 6898085836861165477}
  m_Layer: 14
  m_Name: HpRootCamera
  m_TagString: Untagged
  m_Icon: {fileID: 0}
  m_NavMeshLayer: 0
  m_StaticEditorFlags: 0
  m_IsActive: 1
--- !u!4 &6898085836861165466
Transform:
  m_ObjectHideFlags: 0
  m_CorrespondingSourceObject: {fileID: 0}
  m_PrefabInstance: {fileID: 0}
  m_PrefabAsset: {fileID: 0}
  m_GameObject: {fileID: 6898085836861165467}
  m_LocalRotation: {x: -0, y: -0, z: -0, w: 1}
  m_LocalPosition: {x: 0, y: 0, z: 0}
  m_LocalScale: {x: 1, y: 1, z: 1}
  m_ConstrainProportionsScale: 0
  m_Children: []
  m_Father: {fileID: 6898085835569513130}
  m_RootOrder: 0
  m_LocalEulerAnglesHint: {x: 0, y: 0, z: 0}
--- !u!20 &6898085836861165479
Camera:
  m_ObjectHideFlags: 0
  m_CorrespondingSourceObject: {fileID: 0}
  m_PrefabInstance: {fileID: 0}
  m_PrefabAsset: {fileID: 0}
  m_GameObject: {fileID: 6898085836861165467}
  m_Enabled: 1
  serializedVersion: 2
  m_ClearFlags: 3
  m_BackGroundColor: {r: 0.19215687, g: 0.3019608, b: 0.4745098, a: 0}
  m_projectionMatrixMode: 1
  m_GateFitMode: 2
  m_FOVAxisMode: 0
  m_SensorSize: {x: 36, y: 24}
  m_LensShift: {x: 0, y: 0}
  m_FocalLength: 50
  m_NormalizedViewPortRect:
    serializedVersion: 2
    x: 0
    y: 0
    width: 1
    height: 1
  near clip plane: 0.3
  far clip plane: 1000
  field of view: 60
  orthographic: 1
  orthographic size: 5
  m_Depth: 0
  m_CullingMask:
    serializedVersion: 2
    m_Bits: 16384
  m_RenderingPath: -1
  m_TargetTexture: {fileID: 0}
  m_TargetDisplay: 0
  m_TargetEye: 3
  m_HDR: 1
  m_AllowMSAA: 1
  m_AllowDynamicResolution: 0
  m_ForceIntoRT: 0
  m_OcclusionCulling: 1
  m_StereoConvergence: 10
  m_StereoSeparation: 0.022
--- !u!81 &6898085836861165476
AudioListener:
  m_ObjectHideFlags: 0
  m_CorrespondingSourceObject: {fileID: 0}
  m_PrefabInstance: {fileID: 0}
  m_PrefabAsset: {fileID: 0}
  m_GameObject: {fileID: 6898085836861165467}
  m_Enabled: 1
--- !u!114 &6898085836861165477
MonoBehaviour:
  m_ObjectHideFlags: 0
  m_CorrespondingSourceObject: {fileID: 0}
  m_PrefabInstance: {fileID: 0}
  m_PrefabAsset: {fileID: 0}
  m_GameObject: {fileID: 6898085836861165467}
  m_Enabled: 1
  m_EditorHideFlags: 0
  m_Script: {fileID: 11500000, guid: a79441f348de89743a2939f4d699eac1, type: 3}
  m_Name: 
  m_EditorClassIdentifier: 
  m_RenderShadows: 0
  m_RequiresDepthTextureOption: 2
  m_RequiresOpaqueTextureOption: 2
  m_CameraType: 1
  m_Cameras: []
  m_RendererIndex: -1
  m_VolumeLayerMask:
    serializedVersion: 2
    m_Bits: 1
  m_VolumeTrigger: {fileID: 0}
  m_VolumeFrameworkUpdateModeOption: 2
  m_RenderPostProcessing: 0
  m_Antialiasing: 0
  m_AntialiasingQuality: 2
  m_StopNaN: 0
  m_Dithering: 0
  m_ClearDepth: 1
  m_AllowXRRendering: 1
  m_RequiresDepthTexture: 0
  m_RequiresColorTexture: 0
  m_Version: 2
--- !u!1 &6898085836945468199
GameObject:
  m_ObjectHideFlags: 0
  m_CorrespondingSourceObject: {fileID: 0}
  m_PrefabInstance: {fileID: 0}
  m_PrefabAsset: {fileID: 0}
  serializedVersion: 6
  m_Component:
  - component: {fileID: 6898085836945468198}
  - component: {fileID: 6898085836945468193}
  m_Layer: 14
  m_Name: HpVignette
  m_TagString: Untagged
  m_Icon: {fileID: 0}
  m_NavMeshLayer: 0
  m_StaticEditorFlags: 0
  m_IsActive: 1
--- !u!4 &6898085836945468198
Transform:
  m_ObjectHideFlags: 0
  m_CorrespondingSourceObject: {fileID: 0}
  m_PrefabInstance: {fileID: 0}
  m_PrefabAsset: {fileID: 0}
  m_GameObject: {fileID: 6898085836945468199}
  m_LocalRotation: {x: 0, y: 0, z: 0, w: 1}
  m_LocalPosition: {x: 0, y: 0, z: 0}
  m_LocalScale: {x: 1, y: 1, z: 1}
  m_ConstrainProportionsScale: 0
  m_Children: []
  m_Father: {fileID: 6898085835569513130}
  m_RootOrder: 2
  m_LocalEulerAnglesHint: {x: 0, y: 0, z: 0}
--- !u!114 &6898085836945468193
MonoBehaviour:
  m_ObjectHideFlags: 0
  m_CorrespondingSourceObject: {fileID: 0}
  m_PrefabInstance: {fileID: 0}
  m_PrefabAsset: {fileID: 0}
  m_GameObject: {fileID: 6898085836945468199}
  m_Enabled: 1
  m_EditorHideFlags: 0
  m_Script: {fileID: 11500000, guid: 172515602e62fb746b5d573b38a5fe58, type: 3}
  m_Name: 
  m_EditorClassIdentifier: 
  m_IsGlobal: 1
  priority: 0
  blendDistance: 0
  weight: 1
  sharedProfile: {fileID: 11400000, guid: 683e7ce882f53e249ab6592cf7797ad6, type: 2}
--- !u!1001 &6898085836033062930
PrefabInstance:
  m_ObjectHideFlags: 0
  serializedVersion: 2
  m_Modification:
    m_TransformParent: {fileID: 6898085835569513130}
    m_Modifications:
    - target: {fileID: 314240202, guid: 7ce7504076ae31148a78896e994b7c5b, type: 3}
      propertyPath: _animationName
      value: 
      objectReference: {fileID: 0}
    - target: {fileID: 314240203, guid: 7ce7504076ae31148a78896e994b7c5b, type: 3}
      propertyPath: m_CastShadows
      value: 0
      objectReference: {fileID: 0}
    - target: {fileID: 314240204, guid: 7ce7504076ae31148a78896e994b7c5b, type: 3}
      propertyPath: m_Mesh
      value: 
      objectReference: {fileID: 0}
    - target: {fileID: 971551452, guid: 7ce7504076ae31148a78896e994b7c5b, type: 3}
      propertyPath: _animationName
      value: 
      objectReference: {fileID: 0}
    - target: {fileID: 971551453, guid: 7ce7504076ae31148a78896e994b7c5b, type: 3}
      propertyPath: m_CastShadows
      value: 0
      objectReference: {fileID: 0}
    - target: {fileID: 971551454, guid: 7ce7504076ae31148a78896e994b7c5b, type: 3}
      propertyPath: m_Mesh
      value: 
      objectReference: {fileID: 0}
    - target: {fileID: 786622227221371386, guid: 7ce7504076ae31148a78896e994b7c5b, type: 3}
      propertyPath: m_Mesh
      value: 
      objectReference: {fileID: 0}
    - target: {fileID: 1981307805496848570, guid: 7ce7504076ae31148a78896e994b7c5b, type: 3}
      propertyPath: m_CastShadows
      value: 0
      objectReference: {fileID: 0}
    - target: {fileID: 3952717105551883040, guid: 7ce7504076ae31148a78896e994b7c5b, type: 3}
      propertyPath: m_CastShadows
      value: 0
      objectReference: {fileID: 0}
    - target: {fileID: 7663094153368259750, guid: 7ce7504076ae31148a78896e994b7c5b, type: 3}
      propertyPath: m_Mesh
      value: 
      objectReference: {fileID: 0}
    - target: {fileID: 8272905736213280620, guid: 7ce7504076ae31148a78896e994b7c5b, type: 3}
      propertyPath: _animationName
      value: 
      objectReference: {fileID: 0}
    - target: {fileID: 8762276666301354733, guid: 7ce7504076ae31148a78896e994b7c5b, type: 3}
      propertyPath: m_Mesh
      value: 
      objectReference: {fileID: 0}
    - target: {fileID: 8762276666301354734, guid: 7ce7504076ae31148a78896e994b7c5b, type: 3}
      propertyPath: m_CastShadows
      value: 0
      objectReference: {fileID: 0}
    - target: {fileID: 8762276666301354735, guid: 7ce7504076ae31148a78896e994b7c5b, type: 3}
      propertyPath: _animationName
      value: 
      objectReference: {fileID: 0}
    - target: {fileID: 8762276666425409750, guid: 7ce7504076ae31148a78896e994b7c5b, type: 3}
      propertyPath: m_Camera
      value: 
      objectReference: {fileID: 6898085836861165479}
    - target: {fileID: 8762276666425409750, guid: 7ce7504076ae31148a78896e994b7c5b, type: 3}
      propertyPath: m_RenderMode
      value: 2
      objectReference: {fileID: 0}
    - target: {fileID: 8762276666425409750, guid: 7ce7504076ae31148a78896e994b7c5b, type: 3}
      propertyPath: m_SortingOrder
      value: 99
      objectReference: {fileID: 0}
    - target: {fileID: 8762276666425409751, guid: 7ce7504076ae31148a78896e994b7c5b, type: 3}
      propertyPath: m_PresetInfoIsWorld
      value: 1
      objectReference: {fileID: 0}
    - target: {fileID: 8762276666425409753, guid: 7ce7504076ae31148a78896e994b7c5b, type: 3}
      propertyPath: hitAnim
      value: get-hit
      objectReference: {fileID: 0}
    - target: {fileID: 8762276666425409753, guid: 7ce7504076ae31148a78896e994b7c5b, type: 3}
      propertyPath: loopAnim
      value: loop
      objectReference: {fileID: 0}
    - target: {fileID: 8762276666425409753, guid: 7ce7504076ae31148a78896e994b7c5b, type: 3}
      propertyPath: vignetteVolume
      value: 
      objectReference: {fileID: 6898085836945468193}
    - target: {fileID: 8762276666425409754, guid: 7ce7504076ae31148a78896e994b7c5b, type: 3}
      propertyPath: m_Pivot.x
      value: 0.5
      objectReference: {fileID: 0}
    - target: {fileID: 8762276666425409754, guid: 7ce7504076ae31148a78896e994b7c5b, type: 3}
      propertyPath: m_Pivot.y
      value: 0.5
      objectReference: {fileID: 0}
    - target: {fileID: 8762276666425409754, guid: 7ce7504076ae31148a78896e994b7c5b, type: 3}
      propertyPath: m_RootOrder
      value: 1
      objectReference: {fileID: 0}
    - target: {fileID: 8762276666425409754, guid: 7ce7504076ae31148a78896e994b7c5b, type: 3}
      propertyPath: m_AnchorMax.x
      value: 0
      objectReference: {fileID: 0}
    - target: {fileID: 8762276666425409754, guid: 7ce7504076ae31148a78896e994b7c5b, type: 3}
      propertyPath: m_AnchorMax.y
      value: 0
      objectReference: {fileID: 0}
    - target: {fileID: 8762276666425409754, guid: 7ce7504076ae31148a78896e994b7c5b, type: 3}
      propertyPath: m_AnchorMin.x
      value: 0
      objectReference: {fileID: 0}
    - target: {fileID: 8762276666425409754, guid: 7ce7504076ae31148a78896e994b7c5b, type: 3}
      propertyPath: m_AnchorMin.y
      value: 0
      objectReference: {fileID: 0}
    - target: {fileID: 8762276666425409754, guid: 7ce7504076ae31148a78896e994b7c5b, type: 3}
      propertyPath: m_SizeDelta.x
      value: 1920.0001
      objectReference: {fileID: 0}
    - target: {fileID: 8762276666425409754, guid: 7ce7504076ae31148a78896e994b7c5b, type: 3}
      propertyPath: m_SizeDelta.y
      value: 1080
      objectReference: {fileID: 0}
    - target: {fileID: 8762276666425409754, guid: 7ce7504076ae31148a78896e994b7c5b, type: 3}
      propertyPath: m_LocalScale.x
      value: 0.009259259
      objectReference: {fileID: 0}
    - target: {fileID: 8762276666425409754, guid: 7ce7504076ae31148a78896e994b7c5b, type: 3}
      propertyPath: m_LocalScale.y
      value: 0.009259259
      objectReference: {fileID: 0}
    - target: {fileID: 8762276666425409754, guid: 7ce7504076ae31148a78896e994b7c5b, type: 3}
      propertyPath: m_LocalScale.z
      value: 0.009259259
      objectReference: {fileID: 0}
    - target: {fileID: 8762276666425409754, guid: 7ce7504076ae31148a78896e994b7c5b, type: 3}
      propertyPath: m_LocalPosition.x
      value: 0
      objectReference: {fileID: 0}
    - target: {fileID: 8762276666425409754, guid: 7ce7504076ae31148a78896e994b7c5b, type: 3}
      propertyPath: m_LocalPosition.y
      value: 0
      objectReference: {fileID: 0}
    - target: {fileID: 8762276666425409754, guid: 7ce7504076ae31148a78896e994b7c5b, type: 3}
      propertyPath: m_LocalPosition.z
      value: 10
      objectReference: {fileID: 0}
    - target: {fileID: 8762276666425409754, guid: 7ce7504076ae31148a78896e994b7c5b, type: 3}
      propertyPath: m_LocalRotation.w
      value: 1
      objectReference: {fileID: 0}
    - target: {fileID: 8762276666425409754, guid: 7ce7504076ae31148a78896e994b7c5b, type: 3}
      propertyPath: m_LocalRotation.x
      value: 0
      objectReference: {fileID: 0}
    - target: {fileID: 8762276666425409754, guid: 7ce7504076ae31148a78896e994b7c5b, type: 3}
      propertyPath: m_LocalRotation.y
      value: 0
      objectReference: {fileID: 0}
    - target: {fileID: 8762276666425409754, guid: 7ce7504076ae31148a78896e994b7c5b, type: 3}
      propertyPath: m_LocalRotation.z
      value: 0
      objectReference: {fileID: 0}
    - target: {fileID: 8762276666425409754, guid: 7ce7504076ae31148a78896e994b7c5b, type: 3}
      propertyPath: m_AnchoredPosition.x
      value: 0
      objectReference: {fileID: 0}
    - target: {fileID: 8762276666425409754, guid: 7ce7504076ae31148a78896e994b7c5b, type: 3}
      propertyPath: m_AnchoredPosition.y
      value: 0
      objectReference: {fileID: 0}
    - target: {fileID: 8762276666425409754, guid: 7ce7504076ae31148a78896e994b7c5b, type: 3}
      propertyPath: m_LocalEulerAnglesHint.x
      value: 0
      objectReference: {fileID: 0}
    - target: {fileID: 8762276666425409754, guid: 7ce7504076ae31148a78896e994b7c5b, type: 3}
      propertyPath: m_LocalEulerAnglesHint.y
      value: 0
      objectReference: {fileID: 0}
    - target: {fileID: 8762276666425409754, guid: 7ce7504076ae31148a78896e994b7c5b, type: 3}
      propertyPath: m_LocalEulerAnglesHint.z
      value: 0
      objectReference: {fileID: 0}
    - target: {fileID: 8762276666425409755, guid: 7ce7504076ae31148a78896e994b7c5b, type: 3}
      propertyPath: m_Name
      value: HpRootCanvas
      objectReference: {fileID: 0}
    - target: {fileID: 8762276666431556806, guid: 7ce7504076ae31148a78896e994b7c5b, type: 3}
      propertyPath: m_Mesh
      value: 
      objectReference: {fileID: 0}
    - target: {fileID: 8762276666431556807, guid: 7ce7504076ae31148a78896e994b7c5b, type: 3}
      propertyPath: m_CastShadows
      value: 0
      objectReference: {fileID: 0}
    - target: {fileID: 8762276666431556808, guid: 7ce7504076ae31148a78896e994b7c5b, type: 3}
      propertyPath: _animationName
      value: 
      objectReference: {fileID: 0}
    - target: {fileID: 8762276666519484032, guid: 7ce7504076ae31148a78896e994b7c5b, type: 3}
      propertyPath: m_CastShadows
      value: 0
      objectReference: {fileID: 0}
    - target: {fileID: 8762276666519484033, guid: 7ce7504076ae31148a78896e994b7c5b, type: 3}
      propertyPath: _animationName
      value: 
      objectReference: {fileID: 0}
    - target: {fileID: 8762276666519484063, guid: 7ce7504076ae31148a78896e994b7c5b, type: 3}
      propertyPath: m_Mesh
      value: 
      objectReference: {fileID: 0}
    - target: {fileID: 8762276666539702086, guid: 7ce7504076ae31148a78896e994b7c5b, type: 3}
      propertyPath: m_Mesh
      value: 
      objectReference: {fileID: 0}
    - target: {fileID: 8762276666539702087, guid: 7ce7504076ae31148a78896e994b7c5b, type: 3}
      propertyPath: m_CastShadows
      value: 0
      objectReference: {fileID: 0}
    - target: {fileID: 8762276666539702088, guid: 7ce7504076ae31148a78896e994b7c5b, type: 3}
      propertyPath: _animationName
      value: 
      objectReference: {fileID: 0}
    - target: {fileID: 8762276666686553385, guid: 7ce7504076ae31148a78896e994b7c5b, type: 3}
      propertyPath: m_Mesh
      value: 
      objectReference: {fileID: 0}
    - target: {fileID: 8762276666686553386, guid: 7ce7504076ae31148a78896e994b7c5b, type: 3}
      propertyPath: m_CastShadows
      value: 0
      objectReference: {fileID: 0}
    - target: {fileID: 8762276666686553387, guid: 7ce7504076ae31148a78896e994b7c5b, type: 3}
      propertyPath: _animationName
      value: 
      objectReference: {fileID: 0}
    - target: {fileID: 8762276666802098848, guid: 7ce7504076ae31148a78896e994b7c5b, type: 3}
      propertyPath: m_CastShadows
      value: 0
      objectReference: {fileID: 0}
    - target: {fileID: 8762276666802098849, guid: 7ce7504076ae31148a78896e994b7c5b, type: 3}
      propertyPath: _animationName
      value: 
      objectReference: {fileID: 0}
    - target: {fileID: 8762276666802098879, guid: 7ce7504076ae31148a78896e994b7c5b, type: 3}
      propertyPath: m_Mesh
      value: 
      objectReference: {fileID: 0}
    - target: {fileID: 8762276666958684386, guid: 7ce7504076ae31148a78896e994b7c5b, type: 3}
      propertyPath: m_Mesh
      value: 
      objectReference: {fileID: 0}
    - target: {fileID: 8762276666958684387, guid: 7ce7504076ae31148a78896e994b7c5b, type: 3}
      propertyPath: m_CastShadows
      value: 0
      objectReference: {fileID: 0}
    - target: {fileID: 8762276666958684388, guid: 7ce7504076ae31148a78896e994b7c5b, type: 3}
      propertyPath: _animationName
      value: 
      objectReference: {fileID: 0}
    - target: {fileID: 8762276667067470889, guid: 7ce7504076ae31148a78896e994b7c5b, type: 3}
      propertyPath: m_Mesh
      value: 
      objectReference: {fileID: 0}
    - target: {fileID: 8762276667067470890, guid: 7ce7504076ae31148a78896e994b7c5b, type: 3}
      propertyPath: m_CastShadows
      value: 0
      objectReference: {fileID: 0}
    - target: {fileID: 8762276667067470891, guid: 7ce7504076ae31148a78896e994b7c5b, type: 3}
      propertyPath: _animationName
      value: 
      objectReference: {fileID: 0}
    - target: {fileID: 8762276667102347816, guid: 7ce7504076ae31148a78896e994b7c5b, type: 3}
      propertyPath: m_Mesh
      value: 
      objectReference: {fileID: 0}
    - target: {fileID: 8762276667102347817, guid: 7ce7504076ae31148a78896e994b7c5b, type: 3}
      propertyPath: m_CastShadows
      value: 0
      objectReference: {fileID: 0}
    - target: {fileID: 8762276667102347818, guid: 7ce7504076ae31148a78896e994b7c5b, type: 3}
      propertyPath: _animationName
      value: 
      objectReference: {fileID: 0}
    - target: {fileID: 8762276667189990630, guid: 7ce7504076ae31148a78896e994b7c5b, type: 3}
      propertyPath: m_Mesh
      value: 
      objectReference: {fileID: 0}
    - target: {fileID: 8762276667189990631, guid: 7ce7504076ae31148a78896e994b7c5b, type: 3}
      propertyPath: m_CastShadows
      value: 0
      objectReference: {fileID: 0}
    - target: {fileID: 8762276667189990632, guid: 7ce7504076ae31148a78896e994b7c5b, type: 3}
      propertyPath: _animationName
      value: 
      objectReference: {fileID: 0}
    - target: {fileID: 8762276667619756845, guid: 7ce7504076ae31148a78896e994b7c5b, type: 3}
      propertyPath: m_Mesh
      value: 
      objectReference: {fileID: 0}
    - target: {fileID: 8762276667619756846, guid: 7ce7504076ae31148a78896e994b7c5b, type: 3}
      propertyPath: m_CastShadows
      value: 0
      objectReference: {fileID: 0}
    - target: {fileID: 8762276667619756847, guid: 7ce7504076ae31148a78896e994b7c5b, type: 3}
      propertyPath: _animationName
      value: 
      objectReference: {fileID: 0}
    - target: {fileID: 8762276667740943946, guid: 7ce7504076ae31148a78896e994b7c5b, type: 3}
      propertyPath: m_Mesh
      value: 
      objectReference: {fileID: 0}
    - target: {fileID: 8762276667740943947, guid: 7ce7504076ae31148a78896e994b7c5b, type: 3}
      propertyPath: m_CastShadows
      value: 0
      objectReference: {fileID: 0}
    - target: {fileID: 8762276667740943948, guid: 7ce7504076ae31148a78896e994b7c5b, type: 3}
      propertyPath: _animationName
      value: 
      objectReference: {fileID: 0}
    - target: {fileID: 9136035019908553304, guid: 7ce7504076ae31148a78896e994b7c5b, type: 3}
      propertyPath: _animationName
      value: 
      objectReference: {fileID: 0}
    m_RemovedComponents: []
  m_SourcePrefab: {fileID: 100100000, guid: 7ce7504076ae31148a78896e994b7c5b, type: 3}
--- !u!224 &2748093735250983112 stripped
RectTransform:
  m_CorrespondingSourceObject: {fileID: 8762276666425409754, guid: 7ce7504076ae31148a78896e994b7c5b, type: 3}
  m_PrefabInstance: {fileID: 6898085836033062930}
  m_PrefabAsset: {fileID: 0}
